TOP OF THE 1ST |
New York Knights batting - Pitching for El Dorado Oilers : RHP Barton Johnson
|
Pitching: RHP Barton Johnson
|
|
Batting: LHB Bob Campbell
|
0-0: Bunted foul 0-1: SINGLE (Line Drive, 56)
|
Batting: RHB Alberto Hernández
|
0-0: Ball 1-0: Called Strike 1-1: Foul Ball, location: 2F 1-2: SINGLE (Groundball, 5D) Bob Campbell to second
|
Batting: LHB Willie Wallace
|
0-0: Swinging Strike 0-1: Ball 1-1: Ball 2-1: Foul Ball, location: 2F 2-2: Foul Ball, location: 2F 2-2: Ball 3-2: Strikes out swinging
|
Batting: RHB Vic Langlois
|
0-0: Ball 1-0: Foul Ball, location: 2F 1-1: Ball 2-1: Called Strike 2-2: Foul Ball, location: 2F 2-2: Foul Ball, location: 2F 2-2: Strikes out swinging
|
Batting: LHB Bill McCraney
|
0-0: Ball 1-0: Ball 2-0: Foul Ball, location: 2F 2-1: Ground out 1-3 (Groundball, 13S)
|
Top of the 1st over - 0 runs, 2 hits, 0 errors, 2 left on base; New York 0 - El Dorado 0 |
BOTTOM OF THE 1ST |
El Dorado Oilers batting - Pitching for New York Knights : RHP Tony Meyer
|
Pitching: RHP Tony Meyer
|
|
Batting: SHB Theron Harper
|
0-0: Fly out, F7 (Flyball, 7S)
|
Batting: LHB Al Gaines
|
0-0: Ball 1-0: Ball 2-0: Ball 3-0: Base on Balls
|
Batting: RHB Ernesto Acosta
|
0-0: Ball 1-0: Ball 2-0: Called Strike 2-1: Ball 3-1: Foul Ball, location: 2F 3-2: Foul Ball, location: 2F 3-2: Base on Balls Al Gaines to second
|
Batting: LHB José Hernández
|
0-0: Fly out, F9 (Flyball, 9D) Runner from 2nd tags up, SAFE at 3rd, no throw
|
Batting: LHB Ashley Pickhills
|
0-0: Foul Ball, location: 2F 0-1: Ball 1-1: Called Strike 1-2: Ball 2-2: Ball 3-2: Foul Ball, location: 2F 3-2: Base on Balls Ernesto Acosta to second
|
Batting: RHB Bob Johnson
|
0-0: Foul Ball, location: 2F 0-1: Ball 1-1: Ball 2-1: Ball 3-1: Fly out, F8 (Flyball, 8RXD)
|
Bottom of the 1st over - 0 runs, 0 hits, 0 errors, 3 left on base; New York 0 - El Dorado 0 |
TOP OF THE 2ND |
New York Knights batting - Pitching for El Dorado Oilers : RHP Barton Johnson
|
Batting: RHB Jackson Gibson
|
0-0: SINGLE (Groundball, 5S) (infield hit)
|
Batting: RHB Yasuhiko Sumita
|
0-0: Ball 1-0: Ball 2-0: Ball 3-0: Called Strike 3-1: Foul Ball, location: 2F 3-2: Foul Ball, location: 2F 3-2: Grounds into double play, 4-6-3 (Groundball, 4M)
|
Batting: RHB Gerald Miller
|
0-0: Ball 1-0: Foul Ball, location: 2F 1-1: Ball 2-1: Foul Ball, location: 2F 2-2: Foul Ball, location: 2F 2-2: Ground out 6-3 (Groundball, 6)
|
Top of the 2nd over - 0 runs, 1 hit, 0 errors, 0 left on base; New York 0 - El Dorado 0 |
BOTTOM OF THE 2ND |
El Dorado Oilers batting - Pitching for New York Knights : RHP Tony Meyer
|
Batting: LHB Chris Miller
|
0-0: Ball 1-0: Called Strike 1-1: Ball 2-1: Ball 3-1: Swinging Strike 3-2: Foul Ball, location: 2F 3-2: Fly out, F8 (Flyball, 8RM)
|
Batting: SHB Orlando Aguilar
|
0-0: Foul Ball, location: 2F 0-1: Ball 1-1: SOLO HOME RUN (Flyball, 7D), Distance : 370 ft
|
Batting: RHB Tony Hernández
|
0-0: Ball 1-0: Fly out, F7 (Flyball, 7S)
|
Batting: SHB Theron Harper
|
0-0: Ball 1-0: Ground out 4-3 (Groundball, 4)
|
Bottom of the 2nd over - 1 run, 1 hit, 0 errors, 0 left on base; New York 0 - El Dorado 1 |
TOP OF THE 3RD |
New York Knights batting - Pitching for El Dorado Oilers : RHP Barton Johnson
|
Batting: RHB Robert Downing
|
0-0: Called Strike 0-1: Swinging Strike 0-2: Ball 1-2: Strikes out looking
|
Batting: LHB Bob Campbell
|
0-0: Ball 1-0: Called Strike 1-1: Ball 2-1: Ball 3-1: Base on Balls
|
Batting: RHB Alberto Hernández
|
0-0: Called Strike 0-1: Fly out, F5 (Line Drive, 56S)
|
Batting: LHB Willie Wallace
|
0-0: Called Strike Bob Campbell steals 2nd base 0-1: Ball 1-1: Fly out, F7 (Flyball, 7)
|
Top of the 3rd over - 0 runs, 0 hits, 0 errors, 1 left on base; New York 0 - El Dorado 1 |
BOTTOM OF THE 3RD |
El Dorado Oilers batting - Pitching for New York Knights : RHP Tony Meyer
|
Batting: LHB Al Gaines
|
0-0: Swinging Strike 0-1: Called Strike 0-2: DOUBLE (Groundball, 3L)
|
Batting: RHB Ernesto Acosta
|
0-0: Ball 1-0: Ball 2-0: Called Strike 2-1: Foul Ball, location: 2F 2-2: Strikes out looking
|
Batting: LHB José Hernández
|
0-0: Swinging Strike 0-1: Ball 1-1: Called Strike 1-2: Foul Ball, location: 2F 1-2: Ball 2-2: Foul Ball, location: 2F 2-2: Foul Ball, location: 2F 2-2: Ground out 4-3 (Groundball, 4) Al Gaines to third
|
Pitching: RHP Steve Poe
|
|
Batting: LHB Ashley Pickhills
|
0-0: Called Strike 0-1: Foul Ball, location: 2F 0-2: Fly out, F8 (Flyball, 78M)
|
Bottom of the 3rd over - 0 runs, 1 hit, 0 errors, 1 left on base; New York 0 - El Dorado 1 |
TOP OF THE 4TH |
New York Knights batting - Pitching for El Dorado Oilers : RHP Barton Johnson
|
Batting: RHB Vic Langlois
|
0-0: Ball 1-0: Ball 2-0: Called Strike 2-1: Foul Ball, location: 2F 2-2: Ball 3-2: Foul Ball, location: 2F 3-2: Foul Ball, location: 2F 3-2: Reached on error, E3 (Groundball, 34)
|
Batting: LHB Bill McCraney
|
0-0: Called Strike 0-1: Ball 1-1: Fly out, F8 (Flyball, 8RM)
|
Batting: RHB Jackson Gibson
|
0-0: Ball 1-0: Called Strike 1-1: Fly out, F8 (Flyball, 8LS)
|
Batting: RHB Yasuhiko Sumita
|
0-0: Ball 1-0: Swinging Strike 1-1: Ball 2-1: Swinging Strike 2-2: Strikes out swinging
|
Top of the 4th over - 0 runs, 0 hits, 1 error, 1 left on base; New York 0 - El Dorado 1 |
BOTTOM OF THE 4TH |
El Dorado Oilers batting - Pitching for New York Knights : RHP Steve Poe
|
Batting: RHB Bob Johnson
|
0-0: Called Strike 0-1: Ball 1-1: Called Strike 1-2: SINGLE (Groundball, 56S) (infield hit)
|
Batting: LHB Chris Miller
|
0-0: Ball 1-0: SINGLE (Line Drive, 34) Bob Johnson to second
|
Batting: SHB Orlando Aguilar
|
0-0: DOUBLE (Line Drive, 9LD) Bob Johnson scores Chris Miller to third
|
Batting: RHB Tony Hernández
|
0-0: Foul Ball, location: 2F 0-1: Ball 1-1: Fly out, F8 (Flyball, 8LS) Runner from 3rd tags up, SCORES, no throw
|
Batting: SHB Theron Harper
|
0-0: Ball 1-0: Fly out, F9 (Flyball, 9S)
|
Batting: LHB Al Gaines
|
0-0: Ground out 4-3 (Groundball, 4S)
|
Bottom of the 4th over - 2 runs, 3 hits, 0 errors, 1 left on base; New York 0 - El Dorado 3 |
TOP OF THE 5TH |
New York Knights batting - Pitching for El Dorado Oilers : RHP Barton Johnson
|
Batting: RHB Gerald Miller
|
0-0: Foul Ball, location: 2F 0-1: Foul Ball, location: 2F 0-2: Ball 1-2: Foul Ball, location: 2F 1-2: Ball 2-2: Ball 3-2: SINGLE (Groundball, 6MD)
|
Batting: RHB Robert Downing
|
0-0: Fielders Choice at 2nd, 6-4 (Groundball, 6M)
|
Batting: LHB Bob Campbell
|
0-0: Called Strike 0-1: Ground out 2-3 (Groundball, 15S) Robert Downing to second
|
Batting: RHB Alberto Hernández
|
0-0: Ball 1-0: Called Strike 1-1: Fly out, F7 (Flyball, 7LS)
|
Top of the 5th over - 0 runs, 1 hit, 0 errors, 1 left on base; New York 0 - El Dorado 3 |
BOTTOM OF THE 5TH |
El Dorado Oilers batting - Pitching for New York Knights : RHP Steve Poe
|
Batting: RHB Ernesto Acosta
|
0-0: Ball 1-0: SINGLE (Line Drive, 6M)
|
Batting: LHB José Hernández
|
0-0: Ball 1-0: Foul Ball, location: 2F 1-1: Swinging Strike 1-2: Strikes out swinging
|
Batting: LHB Ashley Pickhills
|
0-0: Ball 1-0: Called Strike 1-1: Ball 2-1: Foul Ball, location: 2F 2-2: Foul Ball, location: 2F 2-2: SINGLE (Popup, 4M) Ernesto Acosta to second
|
Batting: RHB Bob Johnson
|
0-0: Fly out, F7 (Flyball, 78M)
|
Batting: LHB Chris Miller
|
0-0: SINGLE (Groundball, 34S) (infield hit) Ernesto Acosta to third Ashley Pickhills to second
|
Batting: SHB Orlando Aguilar
|
0-0: Called Strike 0-1: Ball 1-1: Foul Ball, location: 2F 1-2: Ball 2-2: Strikes out swinging
|
Bottom of the 5th over - 0 runs, 3 hits, 0 errors, 3 left on base; New York 0 - El Dorado 3 |
TOP OF THE 6TH |
New York Knights batting - Pitching for El Dorado Oilers : RHP Barton Johnson
|
Batting: LHB Willie Wallace
|
0-0: Ball 1-0: Swinging Strike 1-1: Ball 2-1: Foul Ball, location: 2F 2-2: Foul Ball, location: 2F 2-2: Foul Ball, location: 2F 2-2: Ball 3-2: Foul Ball, location: 2F 3-2: Ground out 4-3 (Groundball, 4)
|
Batting: RHB Vic Langlois
|
0-0: Called Strike 0-1: Ball 1-1: Foul Ball, location: 2F 1-2: Ball 2-2: Single, Error in OF, E8, batter to second base
|
Batting: LHB Bill McCraney
|
0-0: Fly out, F8 (Flyball, 8LD) Runner from 2nd tags up, SAFE at 3rd with throw
|
Batting: RHB Jackson Gibson
|
0-0: Ball 1-0: Fly out, F9 (Flyball, 9LS)
|
Top of the 6th over - 0 runs, 1 hit, 1 error, 1 left on base; New York 0 - El Dorado 3 |
BOTTOM OF THE 6TH |
El Dorado Oilers batting - Pitching for New York Knights : RHP Steve Poe
|
Batting: RHB Tony Hernández
|
0-0: Ball 1-0: Fly out, F9 (Flyball, 9S)
|
Batting: SHB Theron Harper
|
0-0: Called Strike 0-1: Fly out, F9 (Flyball, 9LS)
|
Batting: LHB Al Gaines
|
0-0: Ball 1-0: Foul Ball, location: 2F 1-1: Ball 2-1: SINGLE (Groundball, 34D)
|
Batting: RHB Ernesto Acosta
|
0-0: Ball 1-0: Ball 2-0: Called Strike 2-1: 2-RUN HOME RUN (Flyball, 7LD), Distance : 456 ft
|
Pitching: RHP Ramiro Piña
|
|
Batting: LHB José Hernández
|
0-0: Called Strike 0-1: Foul Ball, location: 2F 0-2: Foul Ball, location: 2F 0-2: Strikes out looking
|
Bottom of the 6th over - 2 runs, 2 hits, 0 errors, 0 left on base; New York 0 - El Dorado 5 |
TOP OF THE 7TH |
New York Knights batting - Pitching for El Dorado Oilers : RHP Barton Johnson
|
Batting: RHB Yasuhiko Sumita
|
0-0: Called Strike 0-1: Foul Ball, location: 2F 0-2: Strikes out swinging
|
Batting: RHB Gerald Miller
|
0-0: Foul Ball, location: 2F 0-1: Ball 1-1: Ground out 6-3 (Groundball, 6)
|
Batting: RHB Robert Downing
|
0-0: Ball 1-0: Called Strike 1-1: Fly out, F8 (Line Drive, 8LD)
|
Top of the 7th over - 0 runs, 0 hits, 0 errors, 0 left on base; New York 0 - El Dorado 5 |
BOTTOM OF THE 7TH |
El Dorado Oilers batting - Pitching for New York Knights : RHP Ramiro Piña
|
Batting: LHB Ashley Pickhills
|
0-0: Foul Ball, location: 2F 0-1: DOUBLE (Line Drive, 7D)
|
Batting: RHB Bob Johnson
|
0-0: Fly out, F8 (Flyball, 8RM)
|
Batting: LHB Chris Miller
|
0-0: Called Strike 0-1: Foul Ball, location: 2F 0-2: Ball 1-2: Strikes out swinging
|
Batting: SHB Orlando Aguilar
|
0-0: Ball 1-0: Ball 2-0: Ball 3-0: Swinging Strike 3-1: Ground out U3 (Groundball, 3S)
|
Bottom of the 7th over - 0 runs, 1 hit, 0 errors, 1 left on base; New York 0 - El Dorado 5 |
TOP OF THE 8TH |
New York Knights batting - Pitching for El Dorado Oilers : RHP Barton Johnson
|
Now in CF: José Carlos Caraballo
|
|
Batting: LHB Bob Campbell
|
0-0: Fly out, F8 (Flyball, 8LD)
|
Batting: RHB Alberto Hernández
|
0-0: Called Strike 0-1: Ground out 6-3 (Groundball, 6)
|
Batting: LHB Willie Wallace
|
0-0: Foul Ball, location: 2F 0-1: Ball 1-1: Ball 2-1: Foul Ball, location: 2F 2-2: Strikes out swinging
|
Top of the 8th over - 0 runs, 0 hits, 0 errors, 0 left on base; New York 0 - El Dorado 5 |
BOTTOM OF THE 8TH |
El Dorado Oilers batting - Pitching for New York Knights : RHP Ramiro Piña
|
Batting: RHB Tony Hernández
|
0-0: Ball 1-0: Foul Ball, location: 2F 1-1: Swinging Strike 1-2: Ball 2-2: Foul Ball, location: 2F 2-2: Ground out 5-3 (Groundball, 56S)
|
Batting: SHB Theron Harper
|
0-0: Ball 1-0: Ground out 4-3 (Groundball, 4M)
|
Batting: LHB Al Gaines
|
0-0: Ball 1-0: Ball 2-0: Ground out 4-3 (Groundball, 4)
|
Bottom of the 8th over - 0 runs, 0 hits, 0 errors, 0 left on base; New York 0 - El Dorado 5 |
TOP OF THE 9TH |
New York Knights batting - Pitching for El Dorado Oilers : RHP Barton Johnson
|
Now at 1B: José Montoya
|
|
Batting: RHB Vic Langlois
|
0-0: Fly out, F4 (Line Drive, 4)
|
Batting: LHB Bill McCraney
|
0-0: Ball 1-0: Ball 2-0: Called Strike 2-1: Swinging Strike 2-2: Foul Ball, location: 2F 2-2: Fly out, F8 (Flyball, 89M)
|
Batting: RHB Jackson Gibson
|
0-0: Foul Ball, location: 2F 0-1: Ball 1-1: Ground out U3 (Groundball, 34)
|
Top of the 9th over - 0 runs, 0 hits, 0 errors, 0 left on base; New York 0 - El Dorado 5 |
|